 Dungeon Sprint DCSS version 0.18-a0-1361-g9293dd1 (webtiles) character file.

125 Kidiri the Sneak (level 4, 0/23 HPs)
             Began as a Spriggan Enchanter on Feb 20, 2016.
             Slain by a neqoxec (9 damage)
             ... in the Dungeon (Sprint II: "The Violet Keep of Menkaure").
             The game lasted 00:00:50 (28 turns).

Kidiri the Sneak (Spriggan Enchanter)                 Turns: 28, Time: 00:00:50

Health: 0/23       AC:  3    Str:  4      XL:     4   Next: 82%
Magic:  7/12       EV: 22    Int: 13 (16) God:
Gold:   0          SH:  0    Dex: 17      Spells: 1 memorised, 13 levels left

rFire  . . .     SeeInvis +     a - +1 dagger
rCold  . . .     Gourm    .     b - +1 robe
rNeg   . . .     Faith    .     (shield restricted)
rPois  .         Spirit   .     (helmet restricted)
rElec  .         Dismiss  .     (no cloak)
rCorr  .         Reflect  .     (gloves unavailable)
SustAt .         Harm     .     (boots unavailable)
MR     .....     NoTele   +     (no amulet)
Stlth  ++++......               (no ring)
                                (no ring)

@: exhausted, slowed, quick, not resistant to hostile enchantments, stealthy
A: unfitting armour, see invisible, herbivore 3, speed 3, screaming 1, slow
metabolism 2
a: no special abilities


You were in the Dungeon.
You were not hungry.

You visited 1 branch

Inventory:

Hand Weapons
 a - a +1 dagger (weapon)
Armour
 b - a +1 robe (worn)
Scrolls
 j - a scroll of blinking
Potions
 e - a potion of curing
 g - a potion of haste
 h - 2 potions of magic
Books
 c - a book of Maledictions

   Spells                             Type                      Level
   a - Corona                         Hexes                        1
   b - Ensorcelled Hibernation        Hexes/Ice                    2
   c - Confuse                        Hexes                        3
   d - Tukima's Dance                 Hexes                        3
   e - Dazzling Spray                 Conjuration/Hexes            3
Comestibles
 d - a bread ration


   Skills:
 + Level 2.0 Fighting
 * Level 4.4 Short Blades
 + Level 1.8 Armour
 * Level 6.5 Dodging
 * Level 7.8 Stealth
 * Level 5.6 Spellcasting
 + Level 5.0 Hexes


You had 13 spell levels left.
You knew the following spells:

 Your Spells              Type           Power        Failure   Level  Hunger
a - Corona                Hex            ###....      2%          1    None


Dungeon Overview and Level Annotations

Branches:
Dungeon (1/1)

Altars:


Innate Abilities, Weirdness & Mutations

You are tiny and cannot use many weapons and most armour.
You have supernaturally acute eyesight.
You are an herbivore.
You cover ground extremely quickly.
You need consume almost no food.
You occasionally shout uncontrollably at your foes.


Message History

The ufetubus barely misses you. The ufetubus closely misses you.
The neqoxec completely misses you.
You hit the neqoxec but do no damage.
The neqoxec is heavily wounded.
The ufetubus misses you. x2; The ufetubus closely misses you.
The ufetubus hits you. The neqoxec gestures at you.
Strange energies course through your body.
You feel the urge to shout.
You hit the neqoxec but do no damage.
The neqoxec is heavily wounded.
The ufetubus misses you. The ufetubus hits you.
The crimson imp blinks!
The neqoxec gestures.
The ufetubus completely misses you. x2
You barely miss the neqoxec.
The neqoxec is heavily wounded.
The ufetubus hits you. The ufetubus completely misses you.
The iron imp shouts, "Fly, thou bootless boil-brained spell-botch!"
The neqoxec hits you!
You die... ### ## 55##5 533 #3# ##@## +555+ ##.## #+#

You could see 3 neqoxecs, 2 iron imps, a crimson imp, a white imp, a shadow imp and 2 ufetubi.

Vanquished Creatures
  A neqoxec (D)
1 creature vanquished.

Notes
Turn   | Place    | Note
--------------------------------------------------------------
     0 | D        | Kidiri the Spriggan Enchanter began the quest for the Orb.
     0 | D        | Reached XP level 1. HP: 9/9 MP: 5/5
     1 | D        | Noticed a neqoxec
     1 | D        | Noticed a neqoxec
     1 | D        | Noticed a neqoxec
     1 | D        | Noticed a neqoxec
     4 | D        | Noticed a crimson imp
     6 | D        | Noticed a quasit
    18 | D        | Killed a neqoxec
    18 | D        | Reached skill level 1 in Armour
    18 | D        | Reached skill level 6 in Dodging
    18 | D        | Reached skill level 7 in Stealth
    18 | D        | Reached skill level 5 in Spellcasting
    18 | D        | Reached skill level 5 in Hexes
    18 | D        | Reached XP level 2. HP: 1/15 MP: 5/9
    18 | D        | Reached XP level 3. HP: 1/18 MP: 6/11
    18 | D        | Reached XP level 4. HP: 1/23 MP: 6/12
    26 | D        | Gained mutation: You occasionally shout uncontrollably at your foes. [a neqoxec]
    28 | D        | Slain by a neqoxec

Vault maps used:
D:        the_violet_keep_of_menkaure

Action                   |  1- 3 |  4- 6 || total
-------------------------+-------+-------++-------
Melee: Dagger            |    14 |     9 ||    23
  Use: Potion            |     1 |     1 ||     2
